 Dungeon Crawl Stone Soup version 0.18.1-5-g4a78601 (webtiles) character file.

54 Potsanchik the Cudgeler (level 3, 0/41 HPs)
             Began as an Ogre Chaos Knight on May 10, 2016.
             Slain by Robin the hell rat (glowing shapeshifter) (16 damage)
             ... on level 2 of the Dungeon.
             The game lasted 00:01:28 (1459 turns).

Potsanchik the Cudgeler (Ogre Chaos Knight)         Turns: 1459, Time: 00:01:29

Health: 0/41       AC:  5    Str: 17    XL:     3   Next: 91%
Magic:  3/3        EV: 10    Int: 11    God:    Xom [......]
Gold:   102        SH:  0    Dex: 10    Spells: 0 memorised, 2 levels left

rFire  . . .     SeeInvis .     a - +0 mace (chaos)
rCold  . . .     Gourm    .     b - +2 robe
rNeg   . . .     Faith    .     (no shield)
rPois  .         Spirit   .     (helmet restricted)
rElec  .         Dismiss  .     (no cloak)
rCorr  .         Reflect  .     (gloves unavailable)
SustAt .         Harm     .     (boots unavailable)
MR     .....                    (no amulet)
Stlth  +.........               (no ring)
                                (no ring)

@: drained, not resistant to hostile enchantments, very unstealthy
A: unfitting armour, tough skin 1
a: Renounce Religion


You were on level 2 of the Dungeon.
You worshipped Xom.
You were a very special plaything of Xom.
You were not hungry.

You visited 1 branch of the dungeon, and saw 2 of its levels.

You collected 102 gold pieces.

Inventory:

Hand Weapons
 a - a +0 mace of chaos (weapon)
Missiles
 g - 71 stones (quivered)
Armour
 b - a +2 robe (worn)
Scrolls
 e - a scroll of amnesia {unknown}
 j - a scroll of fear {unknown}
 n - a scroll of random uselessness {unknown}
 p - a scroll of teleportation {unknown}
Potions
 i - a potion of invisibility {unknown}
 k - a potion of brilliance {unknown}
 l - a potion of berserk rage {unknown}
 m - 2 potions of curing {unknown}
Comestibles
 c - 2 bread rations
 d - 3 chunks of flesh
 f - 3 meat rations
 h - a beef jerky
 o - a slice of pizza


   Skills:
 + Level 4.9(4.6) Fighting
 * Level 5.5(5.2) Maces & Flails
 - Level 2.1(1.8) Dodging


You had 2 spell levels left.
You didn't know any spells.

Dungeon Overview and Level Annotations

Branches:
Dungeon (2/15)

Altars:
Xom

Annotations:
D:2 Robin


Innate Abilities, Weirdness & Mutations

You are too large for most types of armour.
You have tough skin (AC +1).


Message History

Robin is moderately wounded.
Robin bites you.
You feel drained.
You are too injured to fight recklessly!
You are too injured to fight recklessly!
You are too injured to fight recklessly!
You are too injured to fight recklessly!
You are too injured to fight recklessly!
Unknown command.
Some of the chunks of flesh in your inventory have rotted away.
Press: ? - help, v - describe, . - travel
Here: Robin the hell rat shaped shifter (moderately wounded)
The floor, spattered with blood. "Have a taste of chaos, mortal."
The hobgoblin's club is briefly surrounded by a scintillating aura of random colours.
You hit Robin but do no damage.
Robin is moderately wounded.
The goblin no longer looks unusually strong.
Robin bites you. Robin bites you!
You die...
Xom laughs nastily!

##..# ##.......# ##......)##
#...######........####.........##
.....................+.........'.
#...######.#........##.........##
##..# #.#.#...##.###.......##
##.# #.#.#..###.# ##...รท.## #.#
#.#.##.###.# ##...## #.###
#.#........######'## #...#
#.####.@......# #.# # ###.#
#....gr######.# #.# # #.#
######g# ####.###.###### # #.#
#g# #.............. #####.# .g.
#.##.#.....###. ......# .#g#g#
#.##...## ####### #.#..g.
#.###.## # # #.. .. ..# #.# # ...
###### #.#


You could see Robin the hell rat shaped shifter, 2 hobgoblins and 3 goblins.

Vanquished Creatures
  An adder (D:2)
  An ooze (D:2)
  3 worms (D:2)
  A dart slug (D:1)
  2 giant geckos
  A giant cockroach (D:2)
  3 goblins
  2 hobgoblins (D:2)
  A jackal (D:1)
  6 kobolds
  A quokka (D:2)
  2 bats
  A giant newt (D:1)
  5 rats
30 creatures vanquished.

Notes
Turn   | Place    | Note
--------------------------------------------------------------
     0 | D:1      | Potsanchik the Ogre Chaos Knight began the quest for the Orb.
     0 | D:1      | Reached XP level 1. HP: 24/24 MP: 1/1
   122 | D:1      | XOM: harmless Erth miscast
   185 | D:1      | Reached XP level 2. HP: 26/33 MP: 2/2
   539 | D:1      | XOM: scenery: create altars
   840 | D:2      | Reached XP level 3. HP: 38/40 MP: 3/3
   888 | D:2      | XOM: harmless Chrm miscast
   944 | D:2      | Reached skill level 5 in Maces & Flails
  1356 | D:2      | XOM: noise
  1447 | D:2      | Noticed Robin
  1452 | D:2      | Robin changed into Robin the sheep
  1452 | D:2      | XOM: polymorph Robin -> Robin the sheep
  1458 | D:2      | XOM: chaos upgrade
  1459 | D:2      | Slain by Robin the hell rat (glowing shapeshifter)

Skill      XL: |  1  2  3 |
---------------+----------+-----
Maces & Flails | 5 |  5.5
Fighting       | |  4.9
Dodging        | |  2.1

Action                   || total
-------------------------++-------
Melee: Mace              ||    85
 Stab: Sleeping          ||     1
       Petrifying        ||     1
  Eat: Chunk             ||     2
Armor: Robe              ||    29
Dodge: Dodged            ||    37
